 Dungeon Crawl Stone Soup version 0.22.0 (webtiles) character file.

994 dysrexia the Insei (level 7, 0/57 HPs)
             Began as a Red Draconian Transmuter on Aug 12, 2018.
             Slain by a wyvern (7 damage)
             ... on level 6 of the Dungeon.
             The game lasted 00:18:40 (4224 turns).

dysrexia the Insei (Red Draconian Transmuter)       Turns: 4224, Time: 00:18:41

Health: 0/57       AC:  9    Str: 12    XL:     7   Next: 99%
Magic:  5/10       EV: 13    Int: 13    God:
Gold:   377        SH:  0    Dex: 14    Spells: 4/10 levels left

rFire    + . .     SeeInvis .     - Unarmed
rCold    . . .     Gourm    .   (no shield)
rNeg     . . .     Faith    .   (armour unavailable)
rPois    .         Spirit   .   (helmet restricted)
rElec    .         Reflect  .   s - +0 cloak
rCorr    .         Harm     .   (no gloves)
MR       .....                  e - +1 pair of boots
Stlth    +.........             (no amulet)
HPRegen  0.19/turn              (no ring)
MPRegen  0.12/turn              (no ring)

@: appendage, very slightly contaminated, invisible
A: breathe fire, unfitting armour, horns 2, fire resistance 1, cold-blooded, AC
+6
a: Breathe Fire, End Transformation


You were on level 6 of the Dungeon.
You were hungry.
You had grown temporary horns.
You visited 1 branch of the dungeon, and saw 6 of its levels.

You collected 377 gold pieces.

Inventory:

Missiles
 a - 82 arrows
Armour
 e - a +1 pair of boots (worn)
 s - a +0 cloak (worn)
Jewellery
 g - an uncursed amulet of faith {unknown}
 h - an uncursed amulet of regeneration {unknown}
 r - an uncursed amulet of harm {unknown}
Wands
 d - a wand of digging (9)
Scrolls
 i - 2 scrolls of teleportation
 j - a scroll of fog
Potions
 l - 2 potions of heal wounds
 n - a potion of magic
 o - a potion of agility
 p - 2 potions of ambrosia
Comestibles
 c - 13 rations
 q - 6 chunks of flesh


   Skills:
 + Level 3.6 Fighting
 + Level 3.4 Dodging
 * Level 7.0 Unarmed Combat
 - Level 2.0 Spellcasting
 + Level 4.8 Transmutations
 + Level 1.3 Poison Magic


You had 4 spell levels left.
You knew the following spells:

 Your Spells              Type           Power        Failure   Level  Hunger
a - Beastly Appendage     Tmut           ##....       3%          1    ##.....
b - Sticks to Snakes      Tmut           ##......     5%          2    ###....
c - Spider Form           Tmut/Pois      #.........   22%         3    ####...

Your spell library contained the following spells:

 Spells                   Type           Power        Failure   Level  Hunger
 Blade Hands              Tmut           ##........   69%         5    ######.
 Ice Form                 Ice/Tmut       #.......     67%         4    #####..


Dungeon Overview and Level Annotations

Branches:
Dungeon (6/15)
 Temple: D:4-7

Altars:
Qazlal
Xom

Annotations:
D:3 3 runed doors, Gorglomux's ghost, amateur DsGl; MTVSty1e's ghost, amateur GrMo; emiel's ghost, amateur FoWn
D:5 3 runed doors, Gruud's ghost, novice DsNe; barbarian's ghost, novice MiBe


Innate Abilities, Weirdness & Mutations

You can breathe blasts of fire.
Your fiery red scales are hard. (AC +6)
You cannot fit into any form of body armour.
Your flesh is heat resistant. (rF+)
You are cold-blooded and may be slowed by cold attacks.
You have a pair of horns on your head.


Message History

The wyvern bites you!
* * * LOW HITPOINT WARNING * * *
Okay, then.
You fade into invisibility!
You have got your breath back.
The wyvern bites you.
* * * LOW HITPOINT WARNING * * *
You are very lightly contaminated with residual magic.
You closely miss the wyvern.
The wyvern is heavily wounded.
The wyvern closely misses you. The wyvern completely misses you.
You hit the wyvern.
The wyvern is heavily wounded.
The wyvern barely misses you.
You barely miss the wyvern.
The wyvern is heavily wounded.
The wyvern bites you.
* * * LOW HITPOINT WARNING * * *
The wyvern bites you!
You die...

#..# #..........# #..#
#.####..##.# ...# #
#..# # #..####.# #..#
# #.......####<.##.#
#.###.l?.............#
#(..............(####
#.##########.#
#[....l@.....#
##############


You could see a wyvern.

Vanquished Creatures
  Eustachio (D:4)
  Menkaure (D:5)
  2 ice beasts (D:5)
  A centaur (D:5)
  Blork the orc (D:4)
  A howler monkey (D:5)
  2 crimson imps (D:5)
  2 orc wizards (D:6)
  An iguana (D:4)
  3 worker ants
  5 adders
  A shadow imp (D:5)
  2 oozes (D:2)
  An adder skeleton (D:6)
  4 worms
  3 dart slugs
  13 orcs
  A ball python (D:3)
  8 bats
  3 giant cockroaches
  3 goblins
  5 hobgoblins
  13 jackals
  5 quokkas
  3 frilled lizards
  2 jackal zombies (D:5)
  3 kobolds
  A leopard gecko skeleton (D:5)
  2 quokka skeletons
  4 rats
97 creatures vanquished.

Vanquished Creatures (collateral kills)
  An adder (D:4)
1 creature vanquished.

Vanquished Creatures (others)
  9 withered plants
9 creatures vanquished.

Grand Total: 107 creatures vanquished

Notes
Turn   | Place    | Note
-------+----------+-------------------------------------------
     0 | D:1      | dysrexia the Draconian Transmuter began the quest for the Orb.
     0 | D:1      | Reached XP level 1. HP: 16/16 MP: 3/3
   440 | D:2      | Reached XP level 2. HP: 22/23 MP: 5/5
   649 | D:2      | Learned a level 2 spell: Sticks to Snakes
   711 | D:2      | Found a shimmering altar of Xom.
   761 | D:2      | Reached skill level 4 in Unarmed Combat
   761 | D:2      | Reached XP level 3. HP: 18/28 MP: 4/6
  1180 | D:2      | Reached XP level 4. HP: 16/35 MP: 7/7
  1683 | D:3      | Found a runed gate.
  1684 | D:3      | Found a runed gate.
  1684 | D:3      | Found a runed gate.
  1685 | D:3      | Noticed emiel's ghost (amateur FoWn)
  1686 | D:3      | Noticed Gorglomux's ghost (amateur DsGl)
  1686 | D:3      | Noticed MTVSty1e's ghost (amateur GrMo)
  2352 | D:4      | Noticed Blork the orc
  2368 | D:4      | Killed Blork the orc
  2368 | D:4      | Reached skill level 5 in Unarmed Combat
  2368 | D:4      | Reached XP level 5. HP: 21/40 MP: 1/8
  2518 | D:4      | Noticed Eustachio
  2540 | D:4      | Killed Eustachio
  2540 | D:4      | Reached XP level 6. HP: 40/48 MP: 9/9
  2618 | D:4      | Learned a level 3 spell: Spider Form
  3044 | D:5      | Entered Level 5 of the Dungeon
  3197 | D:5      | Noticed Menkaure
  3205 | D:5      | Killed Menkaure
  3205 | D:5      | Reached skill level 6 in Unarmed Combat
  3205 | D:5      | Your scales start taking on a fiery red colour.
  3205 | D:5      | Reached XP level 7. HP: 54/56 MP: 10/10
  3205 | D:5      | Gained mutation: Your flesh is heat resistant. (rF+) [Red Draconian growth]
  3302 | D:5      | Found a stormy altar of Qazlal.
  3600 | D:5      | Found a runed gate.
  3601 | D:5      | Found a runed gate.
  3601 | D:5      | Found a runed gate.
  3602 | D:5      | Noticed barbarian's ghost (novice MiBe)
  3604 | D:5      | Noticed Gruud's ghost (novice DsNe)
  3766 | D:5      | Reached skill level 1 in Poison Magic
  4087 | D:6      | Reached skill level 7 in Unarmed Combat
  4197 | D:6      | Noticed a wyvern
  4224 | D:6      | Slain by a wyvern

Skill      XL: |  1  2  3  4  5  6  7 |
---------------+----------------------+-----
Unarmed Combat | 4 5 6 7 |  7.0
Transmutations | 3 4 |  4.8
Dodging        | 2 3 |  3.4
Fighting       | 2 3 |  3.6
Poison Magic   | 1 |  1.3
Spellcasting   | |  2.0

Action                   |  1- 3 |  4- 6 |  7- 9 || total
-------------------------+-------+-------+-------++-------
Melee: Unarmed           |   137 |   167 |    95 ||   399
       Tailslap          |     7 |    17 |    10 ||    34
       Kick              |     1 |       |       ||     1
       Headbutt          |     4 |     7 |     4 ||    15
       Punch             |       |     3 |     2 ||     5
 Cast: Beastly Appendage |     5 |     4 |     4 ||    13
       Sticks to Snakes  |     1 |     5 |     4 ||    10
       Spider Form       |       |       |     1 ||     1
 Abil: Breathe Fire      |       |       |     4 ||     4
  Use: Scroll            |       |    13 |     4 ||    17
       Potion            |       |     2 |     1 ||     3
 Stab: Distracted        |       |     1 |       ||     1
  Eat: Chunk             |     1 |     7 |     4 ||    12
Armor: Skin              |    40 |    61 |    14 ||   115
Dodge: Dodged            |    60 |   103 |    52 ||   215
